 Dungeon Crawl Stone Soup version 0.29.1-15-g9cfb28693d (webtiles) character file.

Game seed: 7719904332009097331

65 raph the Caller (level 3, -3/19 HPs)
             Began as a Deep Elf Summoner on Apr 25, 2023.
             Slain by an iguana (8 damage)
             ... on level 5 of the Dungeon.
             The game lasted 00:03:25 (2276 turns).

raph the Caller (Deep Elf Summoner)                 Turns: 2276, Time: 00:03:25

Health: -3/19      AC:  5    Str:  5    XL:     3   Next: 94%
Magic:  3/9        EV: 12    Int: 21    God:
Gold:   58         SH:  0    Dex: 15    Spells: 2/8 levels left

rFire   . . .      SeeInvis .   c - +2 dagger (speed)
rCold   . . .      Faith    .   (no shield)
rNeg    . . .      Spirit   .   a - +0 robe
rPois   .          Reflect  .   (no helmet)
rElec   .          Harm     .   k - +2 cloak
rCorr   .          Rampage  .   (no gloves)
Will    .....                   (no boots)
Stlth   ++........              (no amulet)
HPRegen 0.06/turn               (no ring)
MPRegen 0.11/turn               (no ring)

@: no status effects
A: no striking features
a: no special abilities


You were on level 5 of the Dungeon.
You visited 1 branch of the dungeon, and saw 5 of its levels.

You collected 58 gold pieces.

Inventory:

Hand Weapons
 c - a +2 dagger of speed (weapon)
Missiles
 l - 5 boomerangs of dispersal
Armour
 a - a +0 robe (worn)
 d - a scarf of repulsion
 k - a +2 cloak (worn)
Scrolls
 f - a scroll of teleportation
 i - a scroll of magic mapping
 m - a scroll of butterflies {unknown}
Potions
 b - 2 potions of magic
 e - a potion of haste {unknown}
 g - a potion of attraction {unknown}
 h - 3 potions of curing
 j - a potion of heal wounds {unknown}


   Skills:
 - Level 2.4 Dodging
 - Level 2.4 Stealth
 - Level 3.0 Spellcasting
 + Level 6.1 Summonings


You had 2 spell levels left.
You knew the following spells:

 Your Spells              Type           Power      Damage    Failure   Level
a - Summon Small Mammal   Summ           100%       N/A       1%          1
b - Call Imp              Summ           29%        N/A       1%          2
c - Call Canine Familiar  Summ           29%        N/A       3%          3

Your spell library contained the following spells:

 Spells                   Type           Power      Damage    Failure   Level
 Magic Dart               Conj           12%        1d3       13%         1
 Summon Guardian Golem    Hex/Summ       16%        N/A       12%         3
 Mephitic Cloud           Conj/Pois/Air  3%         N/A       36%         3
 Summon Lightning Spire   Summ/Air       16%        N/A       36%         4


Dungeon Overview and Level Annotations

Branches:
Dungeon (5/15)
 Temple: D:4-7

Altars:

Shops:
D:2 *


Message History

There is a stone staircase leading up here.
You climb upwards.
The ogre shouts!
You hear a shout!
Found a ring mail.
There is a stone staircase leading down here.
You climb downwards.
There is a stone staircase leading up here.
Casting: Call Canine Familiar (quite dangerous; 3% risk of failure)
Confirm with . or Enter, or press ? or * to list all spells.
A beastly little devil appears in a puff of flame.
Casting: Call Imp (safe; 1% risk of failure)
Confirm with . or Enter, or press ? or * to list all spells.
The iguana barely misses you.
You closely miss the iguana. The iguana bites you!
Ouch! That really hurt!
Your hound bites the iguana.
You barely miss the iguana.
The iguana is moderately wounded.
Your crimson imp blinks!
The iguana barely misses you.
Your hound bites the iguana but does no damage.
You barely miss the iguana.
The iguana is moderately wounded.
Your hound barely misses the iguana.
Casting: Call Canine Familiar (quite dangerous; 3% risk of failure)
Confirm with . or Enter, or press ? or * to list all spells.
The iguana bites you.
* * * LOW HITPOINT WARNING * * *
Your hound bites the iguana.
Your crimson imp blinks!
Your hound closely misses the iguana.
The iguana bites your bat.
Your bat dies!
Your bat's corpse disappears in a puff of smoke!
Your crimson imp hits the iguana but does no damage.
Your hound closely misses the iguana.
Your hound barely misses the iguana.
Your crimson imp hits the iguana but does no damage.
Your hound bites the iguana but does no damage.
The iguana bites you!
You die...

#.#...##.#####..>......
# #.#.##.# ##..#.#.#.
#...#....# ##+# #
#.#####..# #[..#....# #
#.#.##.# #.#...##.#
#...h5...#####...
###.l@..<....#
##########.#


You could see an iguana (ally target), a friendly hound (summoned) and a
friendly crimson imp (summoned).

Vanquished Creatures
  A dart slug (D:2)
  A bat (D:1)
  2 endoplasms
  A goblin (D:1)
  3 hobgoblins
  2 frilled lizards
  2 kobolds
  A rat (D:1)
13 creatures vanquished.

Vanquished Creatures (collateral kills)
  A hound (D:5)
  An adder (D:2)
  2 ball pythons
  2 endoplasms
  2 jackals (D:2)
  A goblin (D:1)
  A kobold (D:2)
  A rat (D:1)
11 creatures vanquished.

Grand Total: 24 creatures vanquished

Notes
Turn   | Place    | Note
-------+----------+-------------------------------------------
     0 | D:1      | raph the Deep Elf Summoner began the quest for the Orb.
     0 | D:1      | Reached XP level 1. HP: 10/10 MP: 6/6
   367 | D:1      | Reached XP level 2. HP: 15/15 MP: 6/8
   423 | D:1      | Learned a level 2 spell: Call Imp
   649 | D:1      | Reached skill level 5 in Summonings
   967 | D:2      | Found Ciroin's General Store.
  1349 | D:2      | Reached XP level 3. HP: 15/19 MP: 6/9
  1353 | D:2      | Learned a level 3 spell: Call Canine Familiar
  1895 | D:3      | You fall into a shaft and drop 2 floors!
  1895 | D:5      | Entered Level 5 of the Dungeon
  1901 | D:5      | Noticed a necrophage
  1954 | D:5      | Reached skill level 6 in Summonings
  2261 | D:4      | Noticed an ogre
  2276 | D:5      | Slain by an iguana

Illustrated notes

Levels and vault maps discovered:
D:1:      lemuel_arrival_lava_pool, layout_loops_ring, minmay_shallow_snake_nest
D:2:      cheibrodos_old_hovel, layout_basic, serial_shops,
          nicolae_shop_advertising_works [nicolae_subvault_shop_adworks]
D:3:      layout_loops_ring, grunt_temple_overflow_champion_of_chaos,
          nicolae_overflow_ecumenical_swirl, old_standard_altar, serial_shops,
          nicolae_shop_hallway_plus, ebering_ecumenical_altar_mist
D:4:      minmay_octagon_keep, layout_rooms, uniq_eustachio, uniq_pikel
D:5:      layout_loops_corners, nicolae_ru_sacrificial_ziggurat,
          kennysheep_generic_room_5, uniq_ijyb

Skill      XL: |  1  2  3 |
---------------+----------+-----
Summonings     | 5 6 |  6.1
Dodging        | |  2.4
Stealth        | |  2.4
Spellcasting   | |  3.0

Action                   || total
-------------------------++-------
Melee: Dagger            ||    39
       Unarmed           ||     1
 Cast: Summon Small Mamm ||    27
       Call Imp          ||     6
       Call Canine Famil ||     2
  Use: Scroll            ||     3
 Stab: Sleeping          ||     2
Armor: Robe              ||    14
Dodge: Dodged            ||    39
